 Dungeon Crawl Stone Soup version 0.19-a0-1903-gead39cf (webtiles) character file.

60 JeffiDaFish the Skirmisher (level 4, 0/40 HPs)
             Began as a Hill Orc Fighter on Oct 20, 2016.
             Slain by a goblin
             ... wielding a +0 dagger of draining
             ... led by Robin
              (1 damage)
             ... on level 2 of the Dungeon.
             The game lasted 00:03:11 (1369 turns).

JeffiDaFish the Skirmisher (Hill Orc Fighter)       Turns: 1369, Time: 00:03:12

Health: 0/40       AC:  6    Str: 24    XL:     4   Next: 4%
Magic:  4/4        EV:  7    Int:  8    God:
Gold:   35         SH:  9    Dex: 10    Spells: 0 memorised, 3 levels left

rFire  . . .     SeeInvis .     a - +0 long sword
rCold  . . .     Gourm    .     b - +0 scale mail
rNeg   . . .     Faith    .     e - +0 shield
rPois  .         Spirit   .     (no helmet)
rElec  .         Reflect  .     (no cloak)
rCorr  .         Harm     .     (no gloves)
MR     .....     Rnd*Rage +     (no boots)
Stlth  ..........               (no amulet)
                                (no ring)
                                (no ring)

@: mighty, drained
A: berserk 1, mutation resistance 1
a: no special abilities


You were on level 2 of the Dungeon.
You were not hungry.

You visited 1 branch of the dungeon, and saw 2 of its levels.

You collected 35 gold pieces.

Inventory:

Hand Weapons
 a - a +0 long sword (weapon)
Armour
 b - a +0 scale mail (worn)
 e - a +0 shield (worn)
Scrolls
 c - a scroll of identify
Comestibles
 f - a bread ration
 g - 3 chunks of flesh


   Skills:
 + Level 4.2(3.6) Fighting
 + Level 2.9(2.4) Long Blades
 + Level 3.8(3.2) Armour
 + Level 0.5(0.0) Stealth
 + Level 3.8(3.2) Shields


You had 3 spell levels left.
You didn't know any spells.

Dungeon Overview and Level Annotations

Branches:
Dungeon (2/15)

Altars:

Annotations:
D:2 Robin


Innate Abilities, Weirdness & Mutations

You tend to lose your temper in combat.
You are somewhat resistant to further mutation.


Message History

The goblin is severely wounded.
The goblin hits you with a dagger of draining.
* * * LOW HITPOINT WARNING * * *
You feel drained.
* * * LOW HITPOINT WARNING * * *
You block the goblin's attack.
Unknown command.
You barely miss the goblin.
The hobgoblin no longer looks unusually strong.
You block the goblin's attack. The goblin barely misses you.
Robin roars a battlecry!
The hobgoblin goes into a battle-frenzy!
The goblin hits you with a dagger of draining!
* * * LOW HITPOINT WARNING * * *
You feel drained.
* * * LOW HITPOINT WARNING * * *
You block the goblin's attack.
You feel very mighty all of a sudden.
The goblin hits you with a dagger of draining.
You die...

### #.. #.# #.#
...####.#########.
.......g@ggg......
.#####?####.#.##.
#.# # ##.####
#.....# #..##.#
#..# ...#.
.####..###.....
...#..........


You could see Robin, a hobgoblin and 2 goblins.

Vanquished Creatures
  2 adders (D:2)
  A worm (D:2)
  3 giant cockroaches (D:1)
  11 goblins
  5 hobgoblins
  2 ball pythons (D:1)
  3 bats
  3 frilled lizards (D:1)
  4 kobolds (D:1)
  2 rats (D:1)
36 creatures vanquished.

Notes
Turn   | Place    | Note
-------+----------+-------------------------------------------
     0 | D:1      | JeffiDaFish the Hill Orc Fighter began the quest for the Orb.
     0 | D:1      | Reached XP level 1. HP: 19/19 MP: 1/1
    87 | D:1      | Reached XP level 2. HP: 19/27 MP: 2/2
   339 | D:1      | Gained mutation: You tend to lose your temper in combat. [potion of mutation]
   339 | D:1      | Gained mutation: You are somewhat resistant to further mutation. [potion of mutation]
  1185 | D:2      | Reached XP level 3. HP: 29/33 MP: 3/3
  1326 | D:2      | Reached skill level 4 in Fighting
  1340 | D:2      | Noticed Robin
  1363 | D:2      | Reached XP level 4. HP: 16/40 MP: 4/4
  1368 | D:2      | HP: 1/40 [goblin/dagger of draining[Robin] (3)]
  1369 | D:2      | Slain by a goblin

Vault maps used:
D:1:      dpeg_arrival_lava_altar, nrook_mini_backslash
D:2:      uniq_robin, uniq_jessica, uniq_crazy_yiuf_cottage

Skill      XL: |  1  2  3 |
---------------+----------+-----
Fighting       | 4 |  4.2
Long Blades    | |  2.9
Armour         | |  3.8
Stealth        | |  0.5
Shields        | |  3.8

Action                   |  1- 3 |  4- 6 || total
-------------------------+-------+-------++-------
Melee: Long sword        |   119 |     4 ||   123
  Use: Potion            |     4 |     1 ||     5
       Scroll            |     1 |       ||     1
 Stab: Distracted        |     1 |       ||     1
  Eat: Chunk             |     2 |       ||     2
Armor: Scale mail        |    50 |     3 ||    53
Dodge: Dodged            |    35 |     3 ||    38
Block: Shield            |    62 |     6 ||    68
       Rpst.: Long sword |    11 |       ||    11
